 Dungeon Crawl Stone Soup version 0.28.0 (webtiles) character file.

Game seed: 6282174694851027031

602913 sasquatch the Ruinous (level 26, -9/165 HPs)
             Began as a Demonspawn Ice Elementalist on Feb 7, 2022.
             Was the Champion of Vehumet.
             Mangled by a quicksilver dragon (25 damage)
             ... on level 2 of the Realm of Zot.
             The game lasted 04:55:50 (78265 turns).

sasquatch the Ruinous (DsIE)                       Turns: 78265, Time: 04:55:51

Health: -9/165     AC: 27    Str: 11    XL:     26   Next: 1%
Magic:  37/54      EV: 18    Int: 33    God:    Vehumet [******]
Gold:   6430       SH:  4    Dex: 22    Spells: 12/62 levels left

rFire   + . .      SeeInvis +   F - +10 mace of Eqerucop {drain, rC+ MP+9 Int+4 SInv}
rCold   + + +      Faith    .   (no shield)
rNeg    + + .      Spirit   .   E - +2 faerie dragon scales {rElec rC+ rN++ rCorr}
rPois   +          Reflect  .   Y - +2 helmet {Int+3}
rElec   +          Harm     .   U - +2 cloak {Will+}
rCorr   +          Rampage  .   b - +0 pair of gloves of Evolution {Drain +Blink Dex+2}
Will    +++..                   (boots unavailable)
Stlth   +.........              w - amulet of magic regeneration
HPRegen 0.37/turn               G - ring of Xekkocit {Fire Will+ Dex+3}
MPRegen 0.74/turn               n - ring "Hiduu" {rPois rC+ Dex+3 Stlth-}

@: about to teleport, slowed, studying 2 skills, very slow
A: hooves 3, icy blue scales 3, icemail 2, powered by pain 2, black mark,
condensation shield, bedeviling, aura of silence, frail 1
}: 4/15 runes: serpentine, barnacled, slimy, silver
a: Renounce Religion, Evoke Blink


You were on level 2 of the Realm of Zot.
You worshipped Vehumet.
Vehumet was exalted by your worship.
You visited 12 branches of the dungeon, and saw 54 of its levels.
You also visited: Trove, Sewer, Ice Cave, Wizlab and Desolation.

You collected 8423 gold pieces.
You spent 1993 gold pieces at shops.

Inventory:

Hand Weapons
 F - the +10 mace of Eqerucop (weapon) {drain, rC+ MP+9 Int+4 SInv}
   (You found it on level 4 of the Depths)

   A truly terrible weapon, it drains the life of any living foe it strikes.
   Int:       It affects your intelligence (+4).
   rC:        It protects you from cold.
   MP:        It affects your magic capacity (+9).
   SInv:      It lets you see invisible.
 Z - the +7 spear of Ocosk {vorpal, rElec rF+ Int+4}
   (You found it on level 3 of the Elven Halls)

   It inflicts extra damage upon your enemies.
   Int:       It affects your intelligence (+4).
   rF:        It protects you from fire.
   rElec:     It insulates you from electricity.
Missiles
 d - 16 throwing nets
Armour
 b - the +0 pair of gloves of Evolution (worn) {Drain +Blink Dex+2}
   (You found it on level 6 of the Dungeon)

   Dex:       It affects your dexterity (+2).
   +Blink:    It lets you blink.
   Drain:     It drains your maximum health when unequipped.
 t - the +2 robe "Acwicip" {Str+3 Int+4 Archmagi}
   (You took it off a deep elf pyromancer on level 3 of the Elven Halls)

   Str:       It affects your strength (+3).
   Int:       It affects your intelligence (+4).
   Archmagi:  It increases the power of your magical spells.
 E - the +2 faerie dragon scales (worn) {rElec rC+ rN++ rCorr}
   (You took it off the Enchantress on level 3 of the Depths)

   rC:        It protects you from cold.
   rElec:     It insulates you from electricity.
   rN:        It greatly protects you from negative energy.
   rCorr:     It protects you from acid and corrosion.
 L - a +1 kite shield of cold resistance
 P - the +2 helmet of Rasecs {rCorr}
   (You found it on level 3 of the Elven Halls)

   rCorr:     It protects you from acid and corrosion.
 U - a +2 cloak of willpower (worn)
 Y - a +2 helmet of intelligence (worn)
Jewellery
 h - the ring "Pixeppik" {Wiz Fly rCorr Int+4}
   (You found it in a treasure trove)

   [ring of wizardry]

   It improves your spell success rate.
   Int:       It affects your intelligence (+4).
   Fly:       It grants you flight.
   rCorr:     It protects you from acid and corrosion.
 n - the ring "Hiduu" (right hand) {rPois rC+ Dex+3 Stlth-}
   (You took it off a deep elf pyromancer on level 3 of the Elven Halls)

   [ring of poison resistance]

   Dex:       It affects your dexterity (+3).
   rC:        It protects you from cold.
   rPois:     It protects you from poison.
   Stlth:     It makes you less stealthy.
 o - the amulet "Fajux" {Fragile Will++ Regen+ Str+5}
   (You found it in a treasure trove)

   [amulet of regeneration]

   Str:       It affects your strength (+5).
   Regen:     It increases your rate of health regeneration.
   Fragile:   It will be destroyed if unequipped.
   Will:      It greatly increases your willpower.
 r - the ring of Qitaagem {Fly rN++ Will+ EV+4 Str-3}
   (You found it in a treasure trove)

   [ring of evasion]

   EV:        It affects your evasion (+4).
   Str:       It affects your strength (-3).
   rN:        It greatly protects you from negative energy.
   Fly:       It grants you flight.
   Will:      It increases your willpower.
 w - an amulet of magic regeneration (around neck)
 y - the ring "Nighi" {Will++ EV+4}
   (You found it in a treasure trove)

   [ring of evasion]

   EV:        It affects your evasion (+4).
   Will:      It greatly increases your willpower.
 B - the ring of Woucocipn {rF+ rCorr Str+2}
   (You found it in a treasure trove)

   [ring of protection from fire]

   Str:       It affects your strength (+2).
   rF:        It protects you from fire.
   rCorr:     It protects you from acid and corrosion.
 C - the amulet of Sera {Harm Regen+ SInv}
   (You acquired it on level 2 of the Depths)

   [amulet of regeneration]

   SInv:      It lets you see invisible.
   Regen:     It increases your rate of health regeneration.
   Harm:      It increases damage dealt and taken.
 G - the ring of Xekkocit (left hand) {Fire Will+ Dex+3}
   (You found it in the Desolation of Salt)

   [ring of fire]

   It enhances your fire magic.
   Dex:       It affects your dexterity (+3).
   rF:        It protects you from fire.
   rC:        It makes you vulnerable to cold.
   Will:      It increases your willpower.
 Q - the ring "Doit" {rPois rN+}
   (You found it in the Desolation of Salt)

   [ring of poison resistance]

   rPois:     It protects you from poison.
   rN:        It protects you from negative energy.
 T - the ring "Vaupo" {rC+ Int+6}
   (You found it in the Desolation of Salt)

   [ring of intelligence]

   Int:       It affects your intelligence (+6).
   rC:        It protects you from cold.
 V - the ring of Pasuts {rC+ MP+9}
   (You found it on level 3 of the Elven Halls)

   [ring of magical power]

   rC:        It protects you from cold.
   MP:        It affects your magic capacity (+9).
Wands
 x - a wand of digging (5)
 D - a wand of acid (39)
 M - a wand of iceblast (49)
Scrolls
 c - a scroll of summoning
 e - 5 scrolls of blinking
 j - 22 scrolls of teleportation
 p - 5 scrolls of fear
 A - 2 scrolls of magic mapping
 O - 11 scrolls of fog
 R - 6 scrolls of holy word
 S - 5 scrolls of silence
 W - 2 scrolls of amnesia
 X - 8 scrolls of enchant armour
Potions
 a - 6 potions of cancellation
 f - 14 potions of heal wounds
 i - 7 potions of brilliance
 k - 6 potions of berserk rage
 m - 4 potions of resistance
 q - 19 potions of curing
 s - 8 potions of lignification
 u - 7 potions of magic
 z - 11 potions of might
 H - 4 potions of mutation
 I - 10 potions of attraction
 J - 9 potions of haste
 K - 10 potions of ambrosia
 N - 2 potions of invisibility


   Skills:
 - Level 10.0 Fighting
 - Level 10.0 Dodging
 - Level 1.7 Stealth
 + Level 13.5 Shields
 + Level 18.6 Spellcasting
 + Level 24.3 Conjurations
 - Level 10.0 Transmutations
 - Level 22.0 Fire Magic
 - Level 12.0 Ice Magic
 - Level 10.0 Earth Magic
 - Level 10.0 Evocations


You had 12 spell levels left.
You knew the following spells:

 Your Spells              Type           Power      Damage    Failure   Level
a - Ignition              Fire           66%        3d18      1%          8
b - Lehudib's Crystal Sp  Conj/Erth      48%        10d12     3%          8
e - Hailstorm             Conj/Ice       100%       3d20      0%          4
f - Stone Arrow           Conj/Erth      100%       3d13      0%          3
g - Irradiate             Conj/Tmut      48%        3d30      1%          5
h - Starburst             Conj/Fire      67%        6d18      0%          6
i - Freezing Cloud        Conj/Ice/Air   42%        6-21      1%          5
j - Fire Storm            Conj/Fire      67%        8d17      4%          9
k - Blink                 Tloc           60%        N/A       2%          2

Your spell library contained the following spells:

 Spells                   Type           Power      Damage    Failure   Level
 Polar Vortex             Ice            41%        N/A       96%         9
 Maxwell's Capacitive Co  Air            15%        ∞         100%        8
 Foxfire                  Conj/Fire      100%       2x1d9     0%          1
 Freeze                   Ice            100%       1d11      0%          1
 Magic Dart               Conj           100%       1d8       0%          1
 Shock                    Conj/Air       100%       1d9       0%          1
 Scorch                   Fire           100%       2d10      0%          2
 Searing Ray              Conj           100%       2d8       0%          2
 Static Discharge         Conj/Air       84%        N/A       0%          2
 Conjure Flame            Conj/Fire      100%       6-21      0%          3
 Flame Wave               Conj/Fire      100%       2d17      0%          4
 Sticky Flame             Conj/Fire      100%       2d11      0%          4
 Fireball                 Conj/Fire      67%        3d25      0%          5
 Iskenderun's Battlesphe  Conj           100%       2d15      0%          5
 Animate Skeleton         Necr           60%        N/A       1%          1
 Beastly Appendage        Tmut           100%       N/A       1%          1
 Pain                     Necr           100%       1d9       1%          1
 Sandblast                Erth           100%       2d20      1%          1
 Sting                    Tmut/Pois      100%       1d8       1%          1
 Summon Small Mammal      Summ           100%       N/A       1%          1
 Ensorcelled Hibernation  Hex/Ice        100%       N/A       1%          2
 Passwall                 Tmut/Erth      64%        N/A       1%          2
 Dazzling Flash           Conj/Hex       100%       N/A       1%          3
 Frozen Ramparts          Ice            100%       1d12      1%          3
 Ignite Poison            Fire/Tmut/Pois 100%       N/A       1%          3
 Inner Flame              Hex/Fire       100%       N/A       1%          3
 Mephitic Cloud           Conj/Pois/Air  71%        N/A       1%          3
 Ozocubu's Armour         Ice            83%        N/A       1%          3
 Spider Form              Tmut/Pois      59%        N/A       1%          3
 Ice Form                 Ice/Tmut       80%        N/A       1%          4
 Iskenderun's Mystic Bla  Conj/Tloc      84%        2d17      1%          4
 Petrify                  Tmut/Erth      77%        N/A       1%          4
 Blade Hands              Tmut           38%        N/A       1%          5
 Lightning Bolt           Conj/Air       42%        1d61      1%          5
 Yara's Violent Unravell  Hex/Tmut       38%        3d15      1%          5
 Conjure Ball Lightning   Conj/Air       42%        3x3d15    1%          6
 Iron Shot                Conj/Erth      48%        9d9       1%          6
 Orb of Destruction       Conj           56%        9d14      1%          7
 Call Imp                 Summ           30%        N/A       2%          2
 Sublimation of Blood     Necr           30%        N/A       2%          2
 Animate Armour           Summ/Erth      100%       N/A       2%          4
 Leda's Liquefaction      Hex/Erth       38%        N/A       2%          4
 Ozocubu's Refrigeration  Ice            41%        4d13      3%          7
 Spellforged Servitor     Conj/Summ      42%        N/A       3%          7
 Metabolic Englaciation   Hex/Ice        40%        N/A       4%          5
 Statue Form              Tmut/Erth      51%        N/A       4%          6
 Call Canine Familiar     Summ           30%        N/A       5%          3
 Confusing Touch          Hex            46%        N/A       5%          3
 Gell's Gravitas          Tloc           30%        N/A       5%          3
 Lesser Beckoning         Tloc           30%        N/A       5%          3
 Portal Projectile        Hex/Tloc       92%        N/A       5%          3
 Summon Guardian Golem    Hex/Summ       46%        N/A       5%          3
 Swiftness                Air            30%        N/A       5%          3
 Teleport Other           Tloc           30%        N/A       5%          3
 Tukima's Dance           Hex            46%        N/A       5%          3
 Vampiric Draining        Necr           30%        2d8       5%          3
 Alistair's Intoxication  Tmut/Pois      39%        N/A       7%          5
 Borgnjor's Vile Clutch   Necr/Erth      29%        N/A       7%          5
 Eringya's Noxious Bog    Tmut/Pois      29%        N/A       11%         6
 Anguish                  Hex/Necr       23%        N/A       19%         4
 Animate Dead             Necr           15%        N/A       19%         4
 Cause Fear               Hex            23%        N/A       19%         4
 Dispel Undead            Necr           30%        3d14      19%         4
 Passage of Golubria      Tloc           30%        N/A       19%         4
 Summon Lightning Spire   Summ/Air       30%        N/A       19%         4
 Simulacrum               Ice/Necr       31%        N/A       24%         6
 Dragon Form              Tmut           38%        N/A       26%         7
 Excruciating Wounds      Necr           15%        N/A       45%         5
 Manifold Assault         Tloc           30%        N/A       45%         5
 Silence                  Hex/Air        23%        N/A       45%         5
 Summon Forest            Summ/Tloc      15%        N/A       45%         5
 Summon Mana Viper        Hex/Summ       46%        N/A       45%         5
 Storm Form               Tmut/Air       29%        N/A       90%         7
 Chain Lightning          Conj/Air       42%        3d56      95%         9
 Death Channel            Necr           15%        N/A       96%         6
 Summon Cactus Giant      Summ           15%        N/A       96%         6
 Shatter                  Erth           38%        3d30*     99%         9
 Enfeeble                 Hex            23%        N/A       100%        7
 Haunt                    Necr/Summ      15%        N/A       100%        7
 Malign Gateway           Summ/Tloc      15%        N/A       100%        7
 Summon Hydra             Summ           15%        N/A       100%        7
 Infestation              Necr           15%        N/A       100%        8
 Necromutation            Tmut/Necr      29%        N/A       100%        8
 Summon Horrible Things   Summ           15%        N/A       100%        8
 Death's Door             Necr           15%        N/A       100%        9
 Dragon's Call            Summ           15%        N/A       100%        9


Dungeon Overview and Level Annotations

Branches:
Dungeon (15/15)            Temple (1/1) D:5            Lair (6/6) D:10
 Shoals (4/4) Lair:4        Snake (4/4) Lair:3        Slime (5/5) Lair:6
    Orc (2/2) D:10            Elf (3/3) Orc:2        Vaults (5/5) D:14
  Crypt (3/3) Vaults:3       Tomb (0/3) Crypt:3      Depths (4/4) D:15
    Zot (2/5) Depths:4      Sewer (visited)           IceCv (visited)
 WizLab (visited)         Desolation (visited)

Altars:
Ashenzari
Cheibriados
Dithmenos
Elyvilon
Fedhas
Gozag
Hepliaklqana
Kikubaaqudgha
Makhleb
Nemelex Xobeh
Okawaru
Qazlal
Ru
Sif Muna
Trog
Uskayaw
Vehumet
Wu Jian
Xom
Yredelemnul
Zin
The Shining One
Beogh
Jiyva

Shops:
D:5 *   Orc:2 [!([   Shoals:1 *   Shoals:2 *   Snake:4 :==   Vaults:1 *
Vaults:3 =   Vaults:4 [

Portals:
Hell: Depths:1 Depths:2 Depths:3 Depths:4
Abyss: Depths:1 Depths:3
Pandemonium: Depths:2
Ziggurat: Depths:2

Annotations:
D:3 3 runed translucent doors, AlmostDecent's ghost, amateur GrBe
D:6 3 runed translucent doors, willcat's ghost, novice OpDe
D:15 36 runed doors
Shoals:4 Roxanne
Snake:4 2 transporters, thepacket's ghost, adept BaIE
Elf:2 3 runed translucent doors


Innate Abilities, Weirdness & Mutations

You have hooves in place of feet.
You are completely covered in icy blue scales. (AC +4, rC+)
A meltable icy envelope protects you from harm. (AC +8)
You sometimes gain power by taking damage.
Your melee attacks may debilitate your foes.
A meltable shield of frost defends you. (SH +4)
Your hexes are more powerful.
You are surrounded by an aura of silence.
You are frail. (-10% HP)


Message History

The death cob misses you. The quicksilver dragon bites you!!
* * * LOW HITPOINT WARNING * * *
You focus on the pain.
You feel your power returning.
You block the quicksilver dragon's attack.
The death cob gives a chilling moan.
You feel much better. The death cob closely misses you.
The quicksilver dragon closely misses you.
The quicksilver dragon claws you but does no damage.
The quicksilver dragon barely misses you.
The quicksilver dragon claws you. The death cob barely misses you.
The quicksilver dragon closely misses you.
The quicksilver dragon claws you but does no damage.
You block the quicksilver dragon's attack.
The quicksilver dragon closely misses you.
The death cob hits you but does no damage.
The quicksilver dragon bites you!!
* * * LOW HITPOINT WARNING * * *
The quicksilver dragon claws you but does no damage.
The quicksilver dragon misses you.
The quicksilver dragon barely misses you.
A storm dragon comes into view.
The death cob closely misses you.
You feel much better. The quicksilver dragon bites you!
* * * LOW HITPOINT WARNING * * *
You focus on the pain.
You feel your power returning.
The quicksilver dragon barely misses you.
The quicksilver dragon bites you!!
* * * LOW HITPOINT WARNING * * *
The quicksilver dragon completely misses you.
The death cob closely misses you. The quicksilver dragon misses you.
The quicksilver dragon claws you but does no damage.
The quicksilver dragon barely misses you.
The quicksilver dragon claws you but does no damage.
The death cob hits you but does no damage.
The quicksilver dragon bites you but does no damage.
The quicksilver dragon claws you but does no damage.
The quicksilver dragon misses you. The quicksilver dragon claws you!
* * * LOW HITPOINT WARNING * * *
You block the death cob's attack. The quicksilver dragon bites you!!
You die...

..........#
##...
..........#
#..
......#D..##
#.
......##...#
.....#
##..## .#...
##[.## ##..
#...##
##zDD##
#.z@.#
#.y........
.
##.........
...
#.........
.....
..........
......
...###.....
....... .###
##...
....... .#
#.. .......
.......


You could see a storm dragon, 2 death cobs, 2 quicksilver dragons and a moth of
wrath (unsilenced).

Vanquished Creatures
  the Royal Jelly (Slime:5)
  3 dread liches
  Khufu (Crypt:2)
  4 ancient liches
  2 royal mummies
  Saint Roka (Orc:2)
  A Head Instructor (WizLab)
  Vashnia (Snake:4)
  2 golden dragons
  the Enchantress (Depths:3)
  10 tentacled monstrosities
  An Ice Fiend (Depths:3)
  A walking crystal tome (Depths:1)
  2 titans (Vaults:5)
  2 deep elf blademasters (Elf:3)
  7 liches
  Mlioglotl (Shoals:4)
  4 deep elf master archers (Elf:3)
  A walking divine tome (Depths:1)
  A quicksilver dragon (WizLab)
  3 ancient champions (Crypt:1)
  4 death cobs
  18 acid blobs
  7 sphinxes
  Kirke (Snake:1)
  8 shadow dragons
  10 tengu reavers
  A revenant (Crypt:1)
  4 draconian monks
  6 storm dragons
  6 nagarajas (Snake:4)
  12 deep elf sorcerers
  11 azure jellies
  The ghost of Emag Poo the Fencer, an adept DsFi of Hepliaklqana (Snake:3)
  2 balrugs (Depths:2)
  3 frost giants
  A nargun (Depths:3)
  A draconian knight (Zot:1)
  10 fire giants
  15 vault wardens
  Aizul (Snake:3)
  An iron dragon (Depths:2)
  11 rockslimes
  2 imperial myrmidons (Desolation)
  An orc warlord (Vaults:1)
  A juggernaut zombie (Crypt:3)
  3 curse skulls
  4 draconian stormcallers (Depths:4)
  A caustic shrike zombie (Crypt:3)
  A draconian shifter (Zot:1)
  4 deep elf elementalists
  6 quicksilver oozes
  A draconian scorcher (Zot:1)
  6 ghouls
  2 draconian annihilators
  9 reapers
  18 ironbound preservers
  3 spriggan defenders (Depths:3)
  4 war gargoyles
  8 vampire knights
  13 stone giants
  A caustic shrike skeleton (Crypt:3)
  29 very ugly things
  9 ironbound thunderhulks
  A green draconian (Zot:2)
  5 deep elf demonologists
  A black draconian (Zot:1)
  2 entropy weavers
  2 halazid warlocks (Desolation)
  6 white draconians
  7 deep elf annihilators
  An eleionoma (shapeshifter) (Depths:3)
  2 red draconians
  12 dire elephants
  Azrael (Orc:2)
  7 spark wasps
  3 purple draconians (Zot:1)
  A wendigo (Depths:3)
  4 yellow draconians
  8 merfolk impalers
  2 blizzard demons (Depths:3)
  3 merfolk javelineers
  6 ettins
  9 deep elf death magi
  8 eidola
  7 jiangshi
  2 crystal guardians (Vaults:4)
  5 spriggan zombies
  6 deep elf high priests
  2 quicksilver dragon zombies
  Fannar (D:10)
  Josephine (D:11)
  3 fire dragons
  16 yaktaur captains
  10 great orbs of eyes
  Erolcha (D:13)
  A hell beast (Depths:2)
  9 ragged hierophants (Desolation)
  17 naga warriors
  A salamander tyrant (Snake:4)
  8 ice dragons
  3 rakshasas
  6 boulder beetles
  3 catoblepae (Lair:6)
  9 servants of whispers
  44 vault guards
  8 anacondas
  15 peacekeepers
  6 hydras
  A caustic shrike simulacrum (Depths:3)
  3 ogre magi
  4 spriggan air magi
  8 ironbound frosthearts
  3 merfolk avatars
  Erica (D:9)
  11 centaur warriors
  20 dancing weapons
  2 alligator snapping turtles
  5 merfolk aquamancers
  3 death knights
  13 death yaks
  5 satyrs
  2 two-headed ogres
  2 tengu warriors
  5 deep troll shamans
  The ghost of KUP the Geomancer, a novice FoEE (D:8)
  A titan zombie (Crypt:3)
  6 deep troll earth magi
  2 spriggan berserkers (Depths:3)
  10 vampire magi
  4 soul eaters
  3 orc high priests
  16 naga sharpshooters
  13 deep elf knights
  5 shock serpents
  8 hell knights (Vaults:5)
  A salamander mystic (WizLab)
  11 sea snakes
  A titan skeleton (Crypt:3)
  8 glowing orange brains
  A sea snake (shapeshifter) (Vaults:5)
  2 shadow demons (Depths:3)
  A golden dragon zombie (Depths:1)
  A kraken simulacrum (Shoals:4)
  A flayed ghost (Crypt:1)
  11 skeletal warriors (Crypt:1)
  3 iron trolls
  16 wizards
  A quicksilver dragon simulacrum (Depths:2)
  66 deep trolls
  2 shadow dragon zombies
  2 orange crystal statues (Depths:3)
  2 spriggan simulacra (Crypt:1)
  2 bog bodies (Crypt:2)
  7 deep elf archers
  A broodmother zombie (Crypt:1)
  22 necromancers
  26 ironbound convokers
  7 lindwurms
  3 naga ritualists (Snake:4)
  26 phantasmal warriors
  An anaconda skeleton (Crypt:3)
  23 harpies
  21 deep elf zephyrmancers
  An iron dragon zombie (Crypt:3)
  27 deep elf pyromancers
  9 salamanders
  2 oklob plants (Lair:3)
  5 wolf spiders
  13 mana vipers
  57 ugly things
  A shadow dragon skeleton (Crypt:3)
  A fire giant zombie (Depths:1)
  2 shining eyes
  3 orc sorcerers
  3 mana vipers (shapeshifter)
  5 orc knights
  A sphinx skeleton (Crypt:2)
  A tengu skeleton (Depths:1)
  9 moths of wrath
  18 manticores
  2 frost giant zombies
  14 fauns
  A fire giant skeleton (Vaults:3)
  A stone giant zombie (Crypt:2)
  A cyclops (shapeshifter) (Vaults:5)
  6 cyclopes
  20 vault sentinels
  13 merfolk sirens
  An eye of devastation (shapeshifter) (Vaults:5)
  12 guardian serpents
  A rust devil (Depths:2)
  21 black mambas
  9 elephants
  6 water nymphs
  Maurice (D:8)
  A naga zombie (Crypt:1)
  An ice statue (IceCv)
  A water nymph (shapeshifter) (Vaults:2)
  A smoke demon (Depths:2)
  22 naga magi
  2 dire elephant zombies (Crypt:3)
  2 gargoyles
  3 eyes of devastation
  Maggie (D:6)
  An orange demon (Depths:2)
  4 human zombies
  13 cane toads
  An unseen horror (D:11)
  A dire elephant skeleton (Crypt:1)
  A kobold demonologist (Depths:3)
  32 yaktaurs
  5 freezing wraiths
  A rime drake (shapeshifter) (D:15)
  5 komodo dragons
  An alligator snapping turtle zombie (Crypt:1)
  4 spriggan skeletons
  11 tengu conjurers
  An efreet (D:11)
  A guardian mummy (Crypt:3)
  4 rime drakes
  13 hellwings (Crypt:3)
  3 golden dragon simulacra (Depths:3)
  4 trolls
  3 harpy zombies
  3 ice devils
  27 merfolk
  11 polar bears
  6 meliai
  2 harpy skeletons (Crypt:3)
  8 wind drakes
  A queen bee (Lair:4)
  A slime creature (shapeshifter) (Elf:1)
  A wolf spider simulacrum (D:15)
  62 saltlings
  4 hornets
  A hornet (shapeshifter) (Vaults:5)
  A shadow dragon simulacrum (Depths:1)
  An ice dragon zombie (Crypt:3)
  A frost giant simulacrum (Depths:3)
  12 dream sheep
  20 blink frogs
  2 ettin zombies
  7 snapping turtles
  2 jumping spiders (Crypt:3)
  103 slime creatures
  A dream sheep (shapeshifter) (Elf:3)
  A culicivora (shapeshifter) (D:13)
  An ettin skeleton (Vaults:3)
  3 flying skulls (Crypt:1)
  10 water elementals
  A jumping spider (shapeshifter) (Elf:1)
  4 air elementals (Elf:1)
  2 shadows
  3 spriggans (Depths:3)
  16 wraiths
  4 wyverns
  2 black mamba zombies
  65 yaks
  4 fire elementals
  2 ushabtiu (Crypt:3)
  11 golden eyes
  A hog (Snake:1)
  A human (shapeshifter) (D:15)
  2 steam dragons
  5 basilisks
  6 vampire mosquitoes
  3 redbacks (Crypt:3)
  Edmund (D:6)
  A redback (shapeshifter) (Vaults:5)
  A warg (D:10)
  60 nagas
  15 water moccasins
  2 acid dragons
  A floating eye (shapeshifter) (Vaults:5)
  4 hell hounds (Orc:2)
  Duvessa (D:6)
  3 ice beasts (D:8)
  26 orc warriors
  4 naga skeletons
  2 two-headed ogre skeletons
  An ettin simulacrum (Depths:3)
  4 black bears
  6 necrophages
  8 ogres
  36 wolves
  A wolf (shapeshifter) (Vaults:5)
  22 centaurs
  An elephant skeleton (Crypt:1)
  4 kobold brigands
  14 bullfrogs
  6 earth elementals
  7 gnoll sergeants
  A scorpion (D:7)
  An ogre simulacrum (Vaults:1)
  A human simulacrum (Depths:3)
  3 human skeletons (Vaults:1)
  An elf skeleton (Crypt:2)
  A yaktaur skeleton (Crypt:1)
  Dowan (D:6)
  3 wyvern skeletons (Crypt:3)
  A water moccasin skeleton (D:4)
  A queen bee zombie (Crypt:1)
  9 wights
  34 killer bees
  3 howler monkeys
  3 electric eels
  3 centaur zombies
  2 hounds (D:6)
  3 jellies
  29 orc priests
  2 gnoll shamans (D:6)
  A bullfrog skeleton (D:6)
  4 centaur skeletons
  3 iguanas (D:4)
  26 orc wizards
  Natasha (thrice) (D:2)
  2 hell rats (Lair:4)
  A demigod zombie (Crypt:1)
  A tengu zombie (Crypt:1)
  A hound zombie (Crypt:2)
  2 hound skeletons (D:4)
  2 mummies (Crypt:2)
  2 howler monkey zombies
  Robin (D:2)
  33 gnolls
  7 adders
  10 river rats (Sewer)
  2 shadow imps (D:6)
  A howler monkey simulacrum (D:9)
  An ufetubus (D:6)
  4 worms
  3 dart slugs
  82 orcs
  17 ball pythons
  4 bats
  3 endoplasms
  3 giant cockroaches
  21 goblins
  10 hobgoblins
  9 jackals
  7 quokkas
  2 frilled lizards
  A hobgoblin zombie (Crypt:1)
  45 kobolds
  23 rats
  2 bushes (WizLab)
  2 fire vortices (Vaults:5)
  2 tentacles (Shoals:4)
  2 withered plants (Crypt:3)
2523 creatures vanquished.

Vanquished Creatures (collateral kills)
  A draconian monk (Zot:1)
  A skeletal warrior (Crypt:1)
  A tengu simulacrum (Crypt:1)
  A foxfire (Lair:5)
4 creatures vanquished.

Vanquished Creatures (others)
  A water elemental (Elf:2)
  91 fire vortices
  124 foxfires
  36 fungi
  146 plants
  A tentacle (Shoals:4)
  19 withered plants (Crypt:3)
418 creatures vanquished.

Grand Total: 2945 creatures vanquished

Notes
Turn   | Place    | Note
-------+----------+-------------------------------------------
     0 | D:1      | sasquatch the Demonspawn Ice Elementalist began the quest
                  | for the Orb.
     0 | D:1      | Reached XP level 1. HP: 13/13 MP: 3/3
   457 | D:1      | Gained mutation: A meltable shield of frost defends you.
                  | (SH +4) [demonic ancestry]
   457 | D:1      | Reached XP level 2. HP: 12/19 MP: 5/5
  1169 | D:1      | Gained mutation: You are partially covered in icy blue
                  | scales. (AC +2) [demonic ancestry]
  1169 | D:1      | Reached XP level 3. HP: 19/24 MP: 3/6
  1265 | D:1      | Learned a level 3 spell: Frozen Ramparts
  1544 | D:2      | Noticed Natasha
  1562 | D:2      | Killed Natasha
  1672 | D:2      | Reached XP level 4. HP: 30/30 MP: 5/8
  1727 | D:2      | Noticed Natasha
  1735 | D:2      | Noticed Robin
  1739 | D:2      | Killed Natasha
  1804 | D:2      | Noticed Natasha
  1813 | D:2      | Killed Natasha
  1814 | D:2      | Reached skill level 5 in Ice Magic
  1955 | D:2      | Killed Robin
  1956 | D:2      | Gained mutation: A meltable icy envelope protects you from
                  | harm. (AC +8) [demonic ancestry]
  1956 | D:2      | Reached XP level 5. HP: 25/35 MP: 4/9
  2435 | D:2      | Found a faded altar of an unknown god.
  2741 | D:3      | Learned a level 3 spell: Ozocubu's Armour
  2742 | D:3      | Noticed AlmostDecent's ghost (amateur GrBe)
  2747 | D:3      | Found an ancient bone altar of Kikubaaqudgha.
  2750 | D:3      | Found a runed translucent gate.
  2750 | D:3      | Found a runed translucent gate.
  2750 | D:3      | Found a hide-covered altar of Uskayaw.
  2819 | D:3      | Found a runed translucent gate.
  3479 | D:4      | Identified the +6 leather armour of Ovaept {Dex+2}
  3591 | D:4      | Reached XP level 6. HP: 41/41 MP: 6/11
  4000 | D:4      | Found an iron altar of Okawaru.
  4556 | D:4      | Reached XP level 7. HP: 30/46 MP: 13/13
  4915 | D:5      | Entered Level 5 of the Dungeon
  4980 | D:5      | Found Zucw's Neck Hole.
  5212 | D:5      | Found a staircase to the Ecumenical Temple.
  5230 | Temple   | Entered the Ecumenical Temple
  5384 | Temple   | Became a worshipper of Vehumet
  5572 | D:5      | Reached skill level 5 in Spellcasting
  5754 | D:5      | Found a burning altar of Makhleb.
  5759 | D:5      | Reached XP level 8. HP: 52/52 MP: 6/15
  6145 | D:5      | Found a snail-covered altar of Cheibriados.
  6383 | D:6      | Noticed willcat's ghost (novice OpDe)
  6383 | D:6      | Found a runed translucent gate.
  6383 | D:6      | Found a runed translucent gate.
  6383 | D:6      | Found a runed translucent gate.
  6428 | D:6      | Noticed Edmund
  6445 | D:6      | Killed Edmund
  6594 | D:6      | Identified the +0 pair of gloves of Evolution {Drain +Blink
                  | Dex+2}
  6646 | D:6      | Noticed Duvessa
  6846 | D:6      | Found a glowing drain.
  6879 | Sewer    | Entered a sewer
  6912 | Sewer    | Reached * piety under Vehumet
  6912 | Sewer    | Offered knowledge of Foxfire by Vehumet.
  6928 | Sewer    | Learned a level 1 spell: Foxfire
  7124 | Sewer    | Offered knowledge of Scorch by Vehumet.
  7136 | Sewer    | Reached ** piety under Vehumet
  7514 | D:6      | Learned a level 4 spell: Hailstorm
  7556 | D:6      | Noticed a hornet
  7565 | D:6      | Killed a hornet
  7566 | D:6      | Reached skill level 1 in Conjurations
  7566 | D:6      | Gained mutation: You have large cloven feet. [demonic
                  | ancestry]
  7566 | D:6      | Reached XP level 9. HP: 57/57 MP: 15/18
  7588 | D:6      | Noticed Maggie
  7598 | D:6      | Reached skill level 2 in Conjurations
  7598 | D:6      | Reached skill level 10 in Ice Magic
  7600 | D:6      | Offered knowledge of Inner Flame by Vehumet.
  7601 | D:6      | Reached skill level 3 in Conjurations
  7811 | D:6      | Reached skill level 4 in Conjurations
  7835 | D:6      | Reached *** piety under Vehumet
  7939 | D:6      | Noticed Dowan
  7947 | D:6      | Killed Maggie
  7948 | D:6      | Reached skill level 5 in Conjurations
  7953 | D:6      | Killed Duvessa
  7954 | D:6      | Reached skill level 6 in Conjurations
  7954 | D:6      | Killed Dowan
  8259 | D:6      | Offered knowledge of Olgreb's Toxic Radiance by Vehumet.
  8782 | D:6      | Reached skill level 7 in Conjurations
  9170 | D:7      | Reached XP level 10. HP: 63/63 MP: 15/19
  9209 | D:7      | Reached **** piety under Vehumet
  9383 | D:7      | Offered knowledge of Stone Arrow by Vehumet.
  9429 | D:7      | Learned a level 3 spell: Stone Arrow
  9719 | D:8      | Noticed a moth of wrath
  9720 | D:8      | Noticed Maurice
  9734 | D:8      | Killed Maurice
  9861 | D:8      | Found a transporter.
  9861 | D:8      | Noticed a manticore
 10091 | D:8      | Found a transporter.
 10097 | D:8      | Noticed KUP's ghost (novice FoEE)
 10188 | D:8      | Reached skill level 8 in Conjurations
 10395 | D:9      | Noticed a deep elf pyromancer
 10395 | D:9      | Noticed a deep elf pyromancer
 10415 | D:9      | Noticed a gargoyle
 10450 | D:9      | Killed a gargoyle
 10599 | D:9      | Noticed Erica
 10614 | D:9      | Killed Erica
 10615 | D:9      | Reached skill level 5 in Dodging
 10783 | D:9      | Killed a deep elf pyromancer
 10869 | D:9      | Identified the +0 war axe of the Hills {venom, rElec rPois
                  | MP-9 SInv}
 10869 | D:9      | Noticed a centaur warrior
 10879 | D:9      | Noticed a centaur warrior
 10890 | D:9      | Killed a centaur warrior
 10891 | D:9      | Reached skill level 9 in Conjurations
 10891 | D:9      | Gained mutation: You are mostly covered in icy blue scales.
                  | (AC +3) [demonic ancestry]
 10891 | D:9      | Reached XP level 11. HP: 35/68 MP: 2/20
 11174 | D:9      | Killed a deep elf pyromancer
 11236 | D:9      | Killed a centaur warrior
 11313 | D:9      | Got the Collected Works on Burning Venom
 11396 | D:9      | Reached ***** piety under Vehumet
 11396 | D:9      | Offered knowledge of Eringya's Noxious Bog by Vehumet.
 11693 | D:10     | Entered Level 10 of the Dungeon
 11995 | D:10     | Found a staircase to the Orcish Mines.
 12275 | D:10     | Noticed Fannar
 12389 | D:10     | Noticed a two-headed ogre
 12393 | D:10     | Killed a two-headed ogre
 12686 | D:10     | Killed Fannar
 12687 | D:10     | Reached skill level 10 in Conjurations
 12831 | D:10     | Found a staircase to the Lair.
 12992 | Lair:1   | Entered Level 1 of the Lair of Beasts
 13033 | Lair:1   | Identified the +0 robe of the Stone Wall {Dex+4}
 13701 | Lair:1   | Reached skill level 11 in Conjurations
 13712 | Lair:1   | Reached XP level 12. HP: 72/74 MP: 13/21
 14630 | Lair:2   | Reached skill level 1 in Earth Magic
 15109 | Lair:3   | Noticed an eight-headed hydra
 15113 | Lair:3   | Killed an eight-headed hydra
 15113 | Lair:3   | Offered knowledge of Irradiate by Vehumet.
 15114 | Lair:3   | Reached skill level 12 in Conjurations
 15319 | D:9      | Learned a level 5 spell: Irradiate
 15421 | Lair:3   | Reached skill level 1 in Transmutations
 15735 | Lair:3   | Found a staircase to the Snake Pit.
 16231 | Lair:4   | Got the Reference Book on Execration and Cold
 16596 | Lair:4   | Reached skill level 13 in Conjurations
 16644 | Lair:4   | Reached skill level 5 in Transmutations
 16978 | Lair:4   | Found a staircase to the Shoals.
 16985 | Lair:4   | Reached XP level 13. HP: 63/79 MP: 20/22
 17370 | Lair:4   | Reached skill level 14 in Conjurations
 18556 | Lair:5   | Reached skill level 15 in Conjurations
 18677 | Lair:5   | Offered knowledge of Freezing Cloud by Vehumet.
 19112 | Lair:6   | Entered Level 6 of the Lair of Beasts
 19474 | Lair:6   | Got A Primer on Sorcery
 19501 | Lair:6   | Found a viscous altar of Jiyva.
 19502 | Lair:6   | Found a staircase to the Slime Pits.
 19715 | Lair:6   | Gained mutation: You have hoof-like feet. [demonic
                  | ancestry]
 19715 | Lair:6   | Reached XP level 14. HP: 85/85 MP: 14/25
 20816 | D:8      | Killed KUP's ghost
 20817 | D:8      | Reached skill level 16 in Conjurations
 20835 | D:8      | Identified the amulet "Reid" {Acrobat rCorr Int+2 Dex+2}
 20907 | Orc:1    | Entered Level 1 of the Orcish Mines
 21150 | Orc:2    | Entered Level 2 of the Orcish Mines
 21188 | Orc:2    | Found a staircase to the Elven Halls.
 21204 | Orc:2    | Found a frozen archway.
 21231 | IceCv    | Entered an ice cave
 21252 | IceCv    | Offered knowledge of Starburst by Vehumet.
 22610 | Orc:2    | Found Huzaan's Antique Armour Shop.
 22699 | Orc:2    | Found Kuwir's Distillery.
 22731 | Orc:2    | Bought 2 potions of curing for 90 gold pieces
 22731 | Orc:2    | Bought a potion of magic for 120 gold pieces
 22731 | Orc:2    | Bought a potion of brilliance for 60 gold pieces
 22805 | Orc:2    | Noticed Azrael
 22807 | Orc:2    | Reached skill level 10 in Transmutations
 22811 | Orc:2    | Killed Azrael
 22812 | Orc:2    | Reached skill level 10 in Spellcasting
 22812 | Orc:2    | Reached skill level 1 in Fighting
 23771 | Orc:2    | Noticed Saint Roka
 23796 | Orc:2    | Killed Saint Roka
 23797 | Orc:2    | Gained mutation: You sometimes gain a little power by
                  | taking damage. [demonic ancestry]
 23797 | Orc:2    | Reached XP level 15. HP: 47/101 MP: 12/29
 24054 | Orc:2    | Found Ritt's Antique Weapon Shoppe.
 24056 | Orc:2    | Found Oxkeng's Antique Armour Emporium.
 24109 | Orc:2    | Reached skill level 5 in Fighting
 24265 | Orc:2    | Bought a scorched war axe for 348 gold pieces
 24265 | Orc:2    | Identified the +6 war axe of the Lonely Teeth {venom, rN+
                  | Str+4 Int-4 Dex+4 Stlth+} (You bought it in a shop on level
                  | 2 of the Orcish Mines)
 24412 | Snake:1  | Entered Level 1 of the Snake Pit
 24467 | Snake:1  | Learned a level 6 spell: Starburst
 24936 | Snake:1  | Noticed Kirke
 25403 | Snake:1  | Reached ****** piety under Vehumet
 25403 | Snake:1  | Offered knowledge of Lightning Bolt by Vehumet.
 25406 | Snake:1  | Killed Kirke
 25618 | Snake:2  | Found a shimmering altar of Xom.
 25727 | Snake:2  | Reached skill level 1 in Fire Magic
 26162 | Snake:2  | You fall into a shaft and drop 1 floor!
 26878 | Snake:3  | Reached skill level 5 in Fire Magic
 26953 | Snake:3  | Found a runed translucent door.
 28149 | Snake:3  | Noticed Emag Poo's ghost (adept DsFi)
 28269 | Snake:3  | Killed Emag Poo's ghost
 28314 | Snake:3  | Got the Compendium of Clay and the Snowflakes
 28322 | Snake:3  | Learned a level 5 spell: Freezing Cloud
 28369 | Snake:4  | Entered Level 4 of the Snake Pit
 28459 | Snake:4  | Noticed Aizul
 28466 | Snake:3  | Killed Aizul
 29341 | Snake:4  | Gained mutation: Your hexes are more powerful. [demonic
                  | ancestry]
 29341 | Snake:4  | Reached XP level 16. HP: 73/117 MP: 18/30
 29775 | Snake:4  | Noticed Vashnia
 29796 | Snake:4  | Killed Vashnia
 29797 | Snake:4  | Reached skill level 10 in Fire Magic
 30555 | Snake:4  | Found a transporter.
 30558 | Snake:4  | Found a transporter.
 30559 | Snake:4  | Found a bloodstained altar of Trog.
 30656 | Snake:4  | Offered knowledge of Lee's Rapid Deconstruction by Vehumet.
 30860 | Snake:4  | Noticed thepacket's ghost (adept BaIE)
 30900 | Snake:4  | Identified the ring "Jelis" {Drain rElec rF+ Slay+5 SInv}
 31737 | Snake:4  | Found Ewniater's Jewellery Emporium.
 31738 | Snake:4  | Found Tigun's Book Shop.
 31739 | Snake:4  | Found Rotimai's Jewellery Emporium.
 32644 | Snake:4  | Got a serpentine rune of Zot
 33070 | Shoals:1 | Entered Level 1 of the Shoals
 33720 | Snake:4  | Bought a ring of willpower for 475 gold pieces
 33944 | Shoals:1 | Found Zeedwiwn's Overcharged Wands.
 34241 | Shoals:1 | Gained mutation: You are completely covered in icy blue
                  | scales. (AC +4, rC+) [demonic ancestry]
 34241 | Shoals:1 | Reached XP level 17. HP: 118/122 MP: 24/31
 34711 | Shoals:2 | Offered knowledge of Iron Shot by Vehumet.
 34915 | Shoals:2 | Found Vestiyryq's CLEARANCE SALE!.
 36545 | Shoals:3 | Learned a level 8 spell: Ignition
 37436 | Shoals:4 | Entered Level 4 of the Shoals
 37689 | Shoals:4 | Reached skill level 15 in Fire Magic
 37975 | Shoals:4 | Got Gloorx Vloq's Compendium of Evil Arts
 38445 | Shoals:4 | Got a barnacled rune of Zot
 38599 | Shoals:4 | Identified the +3 hunting sling of Change {vorpal, rElec
                  | rF++ rC-}
 38642 | Shoals:4 | Noticed Roxanne
 38854 | Shoals:4 | Offered knowledge of Fire Storm by Vehumet.
 38854 | Shoals:4 | Offered knowledge of Polar Vortex by Vehumet.
 38854 | Shoals:4 | Offered knowledge of Maxwell's Capacitive Coupling by
                  | Vehumet.
 39436 | Shoals:4 | Noticed Mlioglotl
 39443 | Shoals:4 | Killed Mlioglotl
 39502 | Shoals:4 | Identified the ring of the Cockatrice {rN+ Str+6}
 39984 | D:11     | Noticed Josephine
 39991 | D:11     | Killed Josephine
 40218 | D:11     | Gained mutation: You have hooves in place of feet. [demonic
                  | ancestry]
 40218 | D:11     | Reached XP level 18. HP: 128/129 MP: 2/35
 42359 | D:13     | Noticed Erolcha
 42363 | D:13     | Killed Erolcha
 42425 | D:13     | Found a portal to a secret trove of treasure.
 42795 | D:13     | Identified the +4 robe of Noughts and Crosses {Harm Regen+
                  | Stlth+}
 43163 | D:14     | Found a bloodstained altar of Trog.
 43549 | D:14     | Found a gate to the Vaults.
 43763 | D:15     | Entered Level 15 of the Dungeon
 43901 | D:15     | Found a broken altar of Ashenzari.
 44198 | D:15     | Found a staircase to the Depths.
 44572 | D:15     | Found a huge runed gate.
 44572 | D:15     | Found a huge runed gate.
 44572 | D:15     | Found a huge runed gate.
 44577 | D:15     | Found a huge runed gate.
 44577 | D:15     | Found a huge runed gate.
 44577 | D:15     | Found a huge runed gate.
 44578 | D:15     | Found a huge runed gate.
 44578 | D:15     | Found a huge runed gate.
 44578 | D:15     | Found a huge runed gate.
 44578 | D:15     | Found a huge runed gate.
 44581 | D:15     | Found a huge runed gate.
 44581 | D:15     | Found a huge runed gate.
 44581 | D:15     | Found a huge runed gate.
 44581 | D:15     | Found a huge runed gate.
 44581 | D:15     | Found a huge runed gate.
 44581 | D:15     | Found a huge runed gate.
 44582 | D:15     | Found a huge runed gate.
 44617 | D:15     | Found a huge runed gate.
 44618 | D:15     | Found a huge runed gate.
 44626 | D:15     | Found a huge runed gate.
 44626 | D:15     | Found a huge runed gate.
 44626 | D:15     | Found a huge runed gate.
 44626 | D:15     | Found a huge runed gate.
 44626 | D:15     | Found a huge runed gate.
 44626 | D:15     | Found a huge runed gate.
 44627 | D:15     | Found a huge runed gate.
 44628 | D:15     | Found a huge runed gate.
 44629 | D:15     | Found a huge runed gate.
 44637 | D:15     | Found a huge runed gate.
 44637 | D:15     | Found a huge runed gate.
 44637 | D:15     | Found a huge runed gate.
 44637 | D:15     | Found a huge runed gate.
 44637 | D:15     | Found a huge runed gate.
 44642 | D:15     | Found a huge runed gate.
 44642 | D:15     | Found a huge runed gate.
 44648 | D:15     | Found a huge runed gate.
 45017 | Elf:1    | Entered Level 1 of the Elven Halls
 45063 | Elf:1    | Found a crumbling gateway.
 45125 | Desolati | Entered the Desolation of Salt
 46074 | Desolati | Identified the +9 great mace of Resourcefulness {vorpal,
                  | rC+} (You took it off an imperial myrmidon in the
                  | Desolation of Salt)
 46081 | Desolati | Identified the ring of Xekkocit {Fire Will+ Dex+3}
 46083 | Desolati | Got the Volume of Intoxication and Arcane Weapons
 46394 | Desolati | Reached XP level 19. HP: 101/134 MP: 28/37
 46541 | Desolati | Got the Almanac of Dark Cold
 46566 | Desolati | Identified the ring "Vaupo" {rC+ Int+6}
 46571 | Desolati | Identified the ring "Doit" {rPois rN+}
 47522 | Elf:1    | Found a shimmering blue altar of Sif Muna.
 49465 | Elf:2    | Found a runed translucent gate.
 49466 | Elf:2    | Found a runed translucent gate.
 49467 | Elf:2    | Found a runed translucent gate.
 49627 | Elf:2    | Reached skill level 17 in Conjurations
 49731 | Elf:2    | Found a radiant altar of Vehumet.
 49811 | Elf:3    | Entered Level 3 of the Elven Halls
 50813 | Elf:3    | Identified a scroll of acquirement
 50813 | Elf:3    | Acquired 987 gold pieces
 51417 | Elf:3    | Identified the +2 plate armour of Spite {Harm Drain rPois
                  | rN+}
 51417 | Elf:3    | Identified the ring of Wuafaeq {rN+ Int+6}
 51441 | Elf:3    | Identified the +1 robe of the Hall of Blades {rCorr SInv}
 51442 | Elf:3    | Identified the ring "Birainih" {Str-2 Dex+6 SInv}
 51455 | Elf:3    | Identified the +2 robe "Acwicip" {Str+3 Int+4 Archmagi}
 51455 | Elf:3    | Identified the ring "Hiduu" {rPois rC+ Dex+3 Stlth-}
 51515 | Elf:3    | Identified the +9 mace of Flawed Execution {flame, Str-2
                  | Int+3 SInv}
 51515 | Elf:3    | Identified the ring of Zaysym {rPois rN+ Int-5 SInv Stlth+}
 51517 | Elf:3    | Reached XP level 20. HP: 135/141 MP: 38/38
 51697 | Elf:3    | Reached skill level 18 in Conjurations
 51734 | Elf:3    | Identified the +7 spear of Ocosk {vorpal, rElec rF+ Int+4}
 51735 | Elf:3    | Identified the +2 helmet of Rasecs {rCorr}
 51749 | Elf:3    | Identified the ring of Pasuts {rC+ MP+9}
 51757 | Elf:3    | Identified the +3 mace of Agasyl {speed, rN++ Stlth-}
 51762 | Elf:3    | Got Camumu's Easy Magic
 52175 | Vaults:1 | Entered Level 1 of the Vaults
 52340 | Vaults:1 | Identified the +3 leather armour of the Land of Plenty {rC+
                  | Str+4}
 52409 | Vaults:1 | Found Kaakos's Assorted Antiques.
 52419 | Vaults:1 | Bought a potion of haste for 450 gold pieces
 52419 | Vaults:1 | Bought 2 potions of curing for 270 gold pieces
 52419 | Vaults:1 | Bought a potion of brilliance for 180 gold pieces
 52488 | Vaults:1 | Reached skill level 1 in Evocations
 52635 | Vaults:1 | Reached skill level 19 in Conjurations
 53173 | Vaults:1 | Reached skill level 5 in Evocations
 53880 | Vaults:2 | Reached skill level 20 in Conjurations
 54306 | Vaults:2 | Learned a level 9 spell: Fire Storm
 54684 | Vaults:2 | Gained mutation: A meltable icy envelope protects you from
                  | harm. (AC +8) [demonic ancestry]
 54684 | Vaults:2 | Reached XP level 21. HP: 138/147 MP: 12/39
 54855 | Vaults:2 | Reached skill level 15 in Spellcasting
 55599 | Vaults:2 | Learned a level 2 spell: Blink
 55868 | Vaults:3 | Found Zilar's Jewellery Shop.
 56067 | Vaults:3 | Found a staircase to the Crypt.
 57571 | D:13     | You paid a toll of 6 scrolls of blinking to enter a
                  | treasure trove
 57572 | Trove    | Entered a treasure trove
 57579 | Trove    | Identified the ring "Pixeppik" {Wiz Fly rCorr Int+4}
 57581 | Trove    | Identified the amulet of Goraat {Faith Dex+4}
 57584 | Trove    | Identified the amulet "Urowuit" {Faith rElec rPois Regen+
                  | Str-5}
 57588 | Trove    | Identified the amulet "Fajux" {Fragile Will++ Regen+ Str+5}
 57590 | Trove    | Identified the ring "Nighi" {Will++ EV+4}
 57594 | Trove    | Identified the ring of Woucocipn {rF+ rCorr Str+2}
 57595 | Trove    | Identified the ring of Qitaagem {Fly rN++ Will+ EV+4 Str-3}
 57599 | Trove    | Identified the amulet of Gyidd {Rampage rPois Regen+ rCorr
                  | Int-4}
 57851 | Vaults:4 | Found Funig's Armour Boutique.
 57997 | Vaults:4 | Acquired 626 gold pieces
 58016 | Vaults:4 | Learned a level 8 spell: Lehudib's Crystal Spear
 58596 | Vaults:4 | Reached skill level 21 in Conjurations
 58954 | Vaults:5 | Entered Level 5 of the Vaults
 58956 | Vaults:5 | Gained mutation: Your melee attacks may debilitate your
                  | foes. [demonic ancestry]
 58956 | Vaults:5 | Reached XP level 22. HP: 153/153 MP: 42/42
 58967 | Vaults:5 | Noticed an ancient lich
 58977 | Vaults:5 | Killed an ancient lich
 58984 | Vaults:5 | Reached skill level 22 in Conjurations
 59459 | Vaults:5 | Identified the ring "Luphajur" {Ice Str+2}
 59705 | Vaults:5 | Noticed an ancient lich
 59708 | Vaults:5 | Killed an ancient lich
 59859 | Vaults:5 | Reached skill level 5 in Earth Magic
 60849 | Vaults:5 | Got the Tome of Conjuration
 60917 | Vaults:5 | Identified the +5 hand axe of Gluttony {freeze, rC++
                  | Stlth+}
 60952 | Vaults:5 | Got a silver rune of Zot
 60986 | Vaults:5 | Noticed an ancient lich
 60993 | Vaults:5 | Killed an ancient lich
 61601 | Slime:1  | Entered Level 1 of the Pits of Slime
 61609 | Slime:1  | Reached XP level 23. HP: 159/159 MP: 17/43
 61790 | Slime:2  | Gained mutation: You are frail. (-10% HP) [a shining eye]
 62127 | Slime:4  | Reached skill level 10 in Evocations
 62279 | Slime:5  | Entered Level 5 of the Pits of Slime
 62289 | Slime:5  | Reached skill level 1 in Shields
 62293 | Slime:5  | Noticed the Royal Jelly
 62849 | Slime:5  | Found a viscous altar of Jiyva.
 62885 | Slime:5  | Found the +10 zealot's sword {holy, *Rage rN+ EV+3}
 62911 | Slime:5  | Killed the Royal Jelly
 63082 | Slime:5  | Identified the +4 flail of Linearity {holy, Str+3}
 63086 | Slime:5  | Identified the +0 helmet of the Moon Troll {-Cast Will+
                  | Regen+ Dex+2}
 63095 | Slime:5  | Identified the +2 hand axe of Havoc {antimagic, rPois
                  | Dex+3}
 63107 | Slime:5  | Got a slimy rune of Zot
 63108 | Slime:5  | Identified the +3 hunting sling "Doter" {venom, Str+2
                  | Int+3}
 63135 | Slime:5  | Identified the +8 shortbow of Omiuwn {flame, rC+ Int+2}
 63142 | Slime:5  | Got Koval's Volume of Summoning and Sinister Arts
 63478 | Depths:1 | Entered Level 1 of the Depths
 63732 | Depths:1 | Found a one-way gate to the infinite horrors of the Abyss.
 63982 | Depths:1 | Found a gateway to Hell.
 64078 | Depths:1 | Reached skill level 10 in Earth Magic
 64692 | Depths:2 | Acquired the amulet of Sera {Harm Regen+ SInv}
 64832 | Depths:2 | Reached skill level 5 in Shields
 65291 | Depths:2 | Reached skill level 10 in Fighting
 65559 | Depths:2 | Reached skill level 10 in Dodging
 65626 | Depths:2 | Found a one-way gate leading to the halls of Pandemonium.
 65848 | Depths:2 | Reached XP level 24. HP: 154/154 MP: 37/43
 65856 | Depths:2 | Found a one-way gateway to a ziggurat.
 66075 | Depths:2 | Got Vehumet's Collected Works on Conjuration
 66113 | Depths:2 | Got the Collected Works on Blistering Transformation
 66124 | Depths:2 | Found a shimmering blue altar of Sif Muna.
 66200 | Depths:2 | Noticed a dread lich
 66203 | Depths:2 | Killed a dread lich
 66204 | Depths:2 | Noticed a dread lich
 66207 | Depths:2 | Killed a dread lich
 66244 | Depths:2 | Got Xohoe's Reference Book on Flying Transmutation
 66246 | Depths:2 | Got the Incunabulum of the Curious Continents
 66263 | Depths:2 | Got Sif Muna's Collected Works on Congealing Moulding
 67055 | Depths:3 | Noticed the Enchantress
 67058 | Depths:3 | Killed the Enchantress
 67066 | Depths:3 | Reached skill level 10 in Shields
 68087 | Depths:2 | Identified the +1 ice dragon scales of Terror {Rampage
                  | *Slow rF- rC++ Int+4}
 68156 | Depths:4 | Entered Level 4 of the Depths
 68357 | Depths:4 | Identified the +10 mace of Eqerucop {drain, rC+ MP+9 Int+4
                  | SInv}
 68363 | Depths:4 | Found a magical portal.
 68379 | WizLab   | Entered Yara's Duelist Academy
 68714 | WizLab   | Noticed Anory
 68716 | WizLab   | Killed Anory the Head Instructor
 68717 | WizLab   | Reached skill level 23 in Conjurations
 69991 | Depths:4 | Found a gate to the Realm of Zot.
 71017 | Crypt:1  | Entered Level 1 of the Crypt
 71226 | Crypt:1  | Gained mutation: You sometimes gain power by taking damage.
                  | [demonic ancestry]
 71226 | Crypt:1  | Reached XP level 25. HP: 159/159 MP: 21/43
 71772 | Crypt:1  | Identified the ring of Mysticism {Fly Stlth+}
 72159 | Crypt:2  | Noticed a royal mummy
 72165 | Crypt:2  | Killed a royal mummy
 72458 | Crypt:2  | Noticed Khufu
 72461 | Crypt:2  | Reached skill level 24 in Conjurations
 72462 | Crypt:2  | Killed Khufu
 73365 | Crypt:3  | Entered Level 3 of the Crypt
 74229 | Crypt:3  | Noticed a royal mummy
 74259 | Crypt:3  | Killed a royal mummy
 74523 | Crypt:3  | Identified the +3 leather armour of the Monk {Will+ Dex+5}
 74805 | Crypt:3  | Identified the +3 leather armour "Reun" {rElec Regen+ Str-4
                  | SInv Stlth+}
 74836 | Crypt:3  | Found an ancient bone altar of Kikubaaqudgha.
 75071 | Crypt:3  | Noticed an ancient lich
 75073 | Crypt:3  | Killed an ancient lich
 75126 | Crypt:3  | Noticed a dread lich
 75130 | Crypt:3  | Killed a dread lich
 75636 | Crypt:3  | Found a staircase to the Tomb.
 76586 | Zot:1    | Entered Level 1 of the Realm of Zot
 77957 | Zot:2    | Gained mutation: You are surrounded by an aura of silence.
                  | [demonic ancestry]
 77957 | Zot:2    | Reached XP level 26. HP: 154/164 MP: 21/45
 78265 | Zot:2    | Mangled by a quicksilver dragon

Illustrated notes

Levels and vault maps discovered:
D:1:      zelgadis_glass_arrival_small, layout_rooms,
          chequers_serial_rivers_micro_b
D:2:      minmay_inner_zag, layout_basic, serial_corexii_hall,
          corexii_hall_statues_i, corexii_hall_statues_i,
          corexii_hall_statues_deadend, hellmonk_ecumenical_altar_lost_god,
          st_stairs_2, mrwooster_statue_mirror, minmay_misc_feat_five,
          uniq_robin, uniq_natasha
D:3:      layout_basic, chequers_temple_overflow_statue_of_worship,
          gammafunk_ghost_split, kennysheep_boxes
D:4:      cheibrodos_pilgrimage, layout_basic,
          mainiacjoe_overflow_catch_the_wave, kennysheep_doodads
D:5:      layout_loops_ring, slow_altar_2, mainiacjoe_overflow_cross_hatched,
          minmay_temple_entry_glassed_door, minmay_tree_intersection,
          nicolae_shop_sticking_my_neck_out
D:6:      layout_cave_pools, serial_gnoll_camp, gnoll_camp_huts_moat,
          gnoll_camp_medium_02, gnoll_camp_mini_sergeant, gnoll_camp_mini_basic,
          gnoll_camp_mini_basic, portal_sewer_entry_d,
          gammafunk_ghost_nasty_kobolds, minmay_a_box_with_orc_wizards_in_it,
          uniq_duvessa, uniq_maggie, uniq_edmund
D:7:      statuecave_lemuel, layout_rooms
D:8:      layout_gridville, gammafunk_ghost_berserking_beasts, uniq_maurice
D:9:      layout_small_grid, minmay_the_grid_2x2
          [minmay_the_grid_zigzag_pyramid, minmay_the_grid_tree,
          minmay_the_grid_spikes, minmay_the_grid_prize_trominoes], uniq_erica
D:10:     layout_loops_ring, lair_entry_dummy, erik_orc_3,
          kennysheep_generic_room_12, uniq_fannar
D:11:     minmay_opposing_rooms, layout_gridville, minmay_unpleasant_kobolds,
          uniq_josephine
D:12:     layout_irregular_city, serial_rivers, chequers_serial_rivers_room_b,
          chequers_serial_rivers_micro_c, chequers_serial_rivers_large_a,
          chequers_serial_rivers_micro_b, minmay_misc_feat_secret_circle,
          kennysheep_potato
D:13:     layout_long_grid, trove_entry_hex_spiral, uniq_erolcha
D:14:     layout_roguey, erik_vaults_2, bloody_trog, minmay_checkerbox
D:15:     grunt_enter_depths_magical_seal, layout_long_grid, ashenzari_altar_1,
          door_vault
Temple:   regret_index_temple_sphere_string
Lair:1:   layout_cave_pods, beast_lair_carwin_4
Lair:2:   layout_gridlike
Lair:3:   dpeg_oklob_gauntlet, layout_gridlike, guppyfry_snake_entry_garden,
          serial_rivers, chequers_serial_rivers_micro_a,
          chequers_serial_rivers_room_a, chequers_serial_rivers_small_b,
          chequers_serial_rivers_small_a, minmay_stone_trees_small
Lair:4:   regret_index_wax_grids, layout_long_grid, minmay_shoals_entry_beasts,
          serial_bayou_crossing
Lair:5:   layout_gridlike, nicolae_lair_run_with_the_wolves, grunt_megastairs_1
Lair:6:   evilmike_catoblepas_cave, layout_hall_layers, slime_altar_1,
          grunt_megastairs_2, serial_bayou_shore_b
Shoals:1: layout_shoals, nicolae_shop_overcharged_wands
Shoals:2: layout_shoals, nicolae_shop_clearance
Shoals:3: layout_shoals
Shoals:4: shoals_end_grunt_ice, layout_shoals, uniq_roxanne, uniq_mlioglotl
Snake:1:  layout_onion, uniq_kirke
Snake:2:  layout_basic, basic_altar
Snake:3:  layout_layer_cave, ebering_ghost_reflecting_pool, grunt_ministairs_15
Snake:4:  grunt_snake_rune_pools, layout_chambers,
          gammafunk_ghost_wrathful_warriors, minmay_shop_grove,
          lemuel_fruit_tree, grunt_megastairs_5, uniq_vashnia, uniq_aizul
Slime:1:  layout_caves, cheibrodos_slime_lost_civilization_5
Slime:2:  layout_caves
Slime:3:  layout_caves, uniq_dissolution
Slime:4:  layout_caves
Slime:5
Orc:1:    layout_caves
Orc:2:    grunt_orc_community_town_hall, layout_caves,
          grunt_orc_community_big_house_2, grunt_orc_community_big_house_1,
          grunt_orc_community_house_2, grunt_orc_community_house_2,
          grunt_orc_community_house_1, grunt_orc_community_house_1,
          grunt_orc_community_house_3, portal_ice_cave_demonic_guard,
          uniq_azrael
Elf:1:    kennysheep_six_static_rooms, layout_loops_corners,
          portal_desolation_entry_nicolae_nacl, basic_altar,
          hangedman_corner_corridor
Elf:2:    elven_hall_of_blades_hangedman_original
          [nicolae_blade_entry_diamond_columns], layout_rooms, basic_altar,
          nicolae_elf_w_pinch, nicolae_concentric_dashed_squares_mild,
          uniq_asterion
Elf:3:    minmay_elf_hall_statues, layout_geoelf_grid
Vaults:1: nicolae_vaults_shelves_hall, hangedman_vaults_pinch, v_alt_pattern_6,
          nicolae_vaults_hallways_thing, v_misc_4, vaults_room_boxed,
          hangedman_vaults_impose, v_misc_29, vaults_room_grunt_arrival_ludios,
          ontoclasm_vaults_decontamination, layout_vaults_ring, serial_shops,
          shop
Vaults:2: v_misc_30, hangedman_vaults_trim, hangedman_vaults_stretched_pinwheel,
          grunt_vaults_twisty, nicolae_vaults_what_the_h, st_diamondy,
          nicolae_vaults_alarming, nicolae_vaults_ring_of_whatevers,
          vaults_mumra_hexcomb, vaults_room_large_hall, layout_vaults_omnicross
Vaults:3: blue_anna_dwarven_crypt, ontoclasm_vaults_gateway,
          hangedman_vaults_locks, hangedman_vaults_corner_blocks,
          v_alt_pattern_1, v_rooms_5, ontoclasm_vaults_spin, vaults_room_pool,
          v_misc_19, layout_vaults_chaotic_city, serial_shops, shop_statue
Vaults:4: vaults_room_pool, ontoclasm_vaults_hangar, v_misc_5,
          vaults_mumra_bighexcomb, ontoclasm_vaults_ring_small,
          vaults_room_stairs_pillars, vaults_mumra_hex, v_misc_11, v_rooms_3,
          ontoclasm_vaults_ligature, v_pattern_4, layout_vaults_maze_snakey,
          serial_shops, nicolae_shop_stone
Vaults:5
Crypt:1:  layout_chaotic_city, lemuel_freeze_loot_1
Crypt:2:  layout_misc_corridors, uniq_khufu
Crypt:3:  evilmike_haunted_forest
Depths:1: minmay_textured_paths, layout_twisted_cross, minmay_misc_feat_plants,
          hell_entry, abyss_entry, drop_trap, kennysheep_generic_room_7,
          firewood_loft
Depths:2: evilmike_library_of_no_secrets, layout_cave_pools, enter_ziggurat_b,
          chequers_serial_rivers_micro_c, grunt_mini_vestibule,
          rand_demon_pan_entry_3, minmay_staircase_bubble, serial_bayou_shore_a,
          serial_bayou_shore_b
Depths:3: dreamdust_isle_of_ice, layout_gridlike, abyss_entry_glasseish,
          serial_sigils_hangedman_leer, hell_entry, nrook_kobold_shadow_demons,
          infiniplex_staircase_split_hallway, uniq_enchantress
Depths:4: evilmike_zot_entry_argh, layout_cave_shapes,
          infiniplex_enter_wizlab_glasses, grunt_hell_entry_dis_old,
          grunt_megastairs_3
Zot:1:    layout_onion_interference, drop_trap, st_stairs_5
Zot:2:    layout_cathedral_of_symmetry

Skill      XL: |  1  2  3  4  5  6  7  8  9 10 11 12 13 14 15 16 17 18 19 20 21 22 23 24 25 |
---------------+----------------------------------------------------------------------------+-----
Ice Magic      | 4 5 6 8 9 10 11 12 | 12.0
Spellcasting   | 3 4 5 6 7 10 13 14 16 18 | 18.6
Conjurations   | 1 7 9 11 13 15 16 17 20 21 22 23 24 | 24.3
Dodging        | 3 5 8 10 | 10.0
Earth Magic    | 3 7 10 | 10.0
Transmutations | 5 7 10 | 10.0
Fighting       | 4 8 10 | 10.0
Fire Magic     | 9 13 15 18 19 20 21 22 | 22.0
Evocations     | 6 9 10 | 10.0
Shields        | 6 10 13 | 13.5
Stealth        | |  1.7

Action                   |  1- 3 |  4- 6 |  7- 9 | 10-12 | 13-15 | 16-18 | 19-21 | 22-24 | 25-27 || total
-------------------------+-------+-------+-------+-------+-------+-------+-------+-------+-------++-------
Melee: Unarmed           |     8 |       |     7 |       |       |       |       |       |       ||    15
       Dagger            |    28 |   113 |     1 |       |       |       |       |       |       ||   142
       Punch             |       |     3 |     2 |     2 |       |       |       |       |       ||     7
       Whip              |       |       |    32 |    43 |       |       |       |       |       ||    75
       Staff             |       |       |       |     3 |    13 |     7 |       |       |       ||    23
       Kick              |       |       |       |       |       |     1 |     7 |       |       ||     8
       Spear             |       |       |       |       |       |       |    10 |     2 |       ||    12
 Cast: Freeze            |    37 |    42 |    95 |    17 |    46 |     8 |       |       |       ||   245
       Frozen Ramparts   |     1 |    24 |    57 |    53 |   112 |    40 |    14 |       |       ||   301
       Ozocubu's Armour  |       |     1 |    15 |     9 |     8 |     3 |       |       |       ||    36
       Foxfire           |       |       |     1 |    67 |     7 |     7 |       |       |       ||    82
       Hailstorm         |       |       |    18 |    22 |    71 |   126 |    24 |       |       ||   261
       Stone Arrow       |       |       |       |   237 |   535 |   642 |    92 |    65 |       ||  1571
       Irradiate         |       |       |       |     8 |    79 |   146 |   104 |    64 |    17 ||   418
       Freezing Cloud    |       |       |       |       |     3 |     4 |     3 |     9 |     1 ||    20
       Starburst         |       |       |       |       |     1 |    66 |   105 |    51 |     4 ||   227
       Ignition          |       |       |       |       |       |     6 |   235 |   221 |    69 ||   531
       Lehudib's Crystal |       |       |       |       |       |       |     2 |   180 |   185 ||   367
       Fire Storm        |       |       |       |       |       |       |       |    43 |    25 ||    68
       Blink             |       |       |       |       |       |       |       |     1 |       ||     1
 Abil: Evoke Blink       |       |       |       |       |       |       |     1 |     1 |       ||     2
Evoke: Wand              |       |       |       |       |     1 |       |       |       |       ||     1
  Use: Scroll            |       |       |    12 |     6 |    10 |     6 |     7 |     6 |     5 ||    52
       Potion            |       |       |       |       |     3 |       |     1 |     2 |     3 ||     9
 Stab: Sleeping          |     8 |     5 |     3 |     1 |       |       |       |       |       ||    17
       Distracted        |       |       |     1 |       |       |       |       |       |       ||     1
Armor: Robe              |     8 |    25 |       |       |       |       |    20 |    53 |    26 ||   132
       Leather armour    |       |    44 |   111 |    95 |   131 |   159 |    22 |       |       ||   562
       Skin              |       |       |     3 |       |       |       |       |       |       ||     3
       Acid dragon scale |       |       |       |       |       |       |       |       |    31 ||    31
Dodge: Dodged            |    36 |    87 |   137 |    95 |   184 |   225 |    94 |   114 |    76 ||  1048
Block: Other             |     3 |    22 |    50 |    30 |    42 |    64 |    17 |    21 |    11 ||   260
